Map: 升格之链

Players

Waldschen

  • Race: Terran Terran
  • Spawn Location: 11:00

KEN

  • Race: Zerg Zerg
  • League: Platinum
  • Spawn Location: 11:00

VOD

Have the link to the VOD?

Description

Time

  • Played on: April 24, 2018, 1:50 a.m.
  • Length: 10:32
Show
View Real Time Build Order
Export as new Build Order

Waldschen Terran 

Build Orders:  

Get SALT Encoding   

  12  0:03  SCV  
  13  0:19  Supply Depot  
  13  0:24  SCV  
  14  0:31  Upgrade Laser Drill Level 1  
  14  0:36  Refinery  
  14  0:42  SCV  
  15  0:53  Refinery  
  15  1:01  SCV  
  16  1:18  Factory  
  16  1:20  SCV  
  17  1:30  Upgrade Laser Drill Level 2  
  17  1:34  SCV  
  18  1:47  SCV  
  19  1:59  Armory  
  19  2:04  SCV  
  20  2:22  SCV  
  21  2:35  SCV  
  22  2:50  SCV  
  22  2:53  Supply Depot  
  23  3:07  Starport  
  23  3:23  SCV  
  24  4:11  Starport Tech Reactor  
  24  4:13  SCV  
  25  4:24  Supply Depot  
  25  4:27  SCV  
  26  4:48  Hercules  
  29  4:54  Hercules  
  32  5:10  SCV  
  32  5:11  Engineering Bay  
  32  5:16  Supply Depot  
  33  5:24  SCV  
  34  5:38  SCV  
  35  5:51  SCV  
  36  6:05  SCV  
  37  6:16  Factory  
  37  6:25  Devastation Turret  
  37  6:26  Devastation Turret  
  37  6:27  Devastation Turret  
  37  6:28  Devastation Turret  
  37  6:41  Devastation Turret  
  37  7:04  Devastation Turret  
  37  7:14  Devastation Turret  
  37  7:24  KMC Auto-Loaders  
  37  7:34  Devastation Turret  
  37  7:39  Devastation Turret  
  37  8:25  Devastation Turret  
  37  8:27  Devastation Turret  
  37  8:45  Devastation Turret  
  37  8:46  Devastation Turret  
  37  9:23  Devastation Turret  
  37  9:27  Devastation Turret x2  
  37  9:31  Devastation Turret  
Show
View Real Time Build Order
Export as new Build Order

KEN Zerg 

Build Orders:  

Get SALT Encoding   

  12  0:20  Roach Warren  
  11  0:45  Spore Crawler  
  11  0:46  Roach  
  12  1:08  Overlord  
  12  1:09  Drone, Extractor  
  12  1:39  Roach  
  12  2:01  Brutalisk  
  12  2:05  Roach x2  
  16  2:13  Drone x3  
  16  2:14  Drone  
  20  2:34  Drone  
  21  3:03  Drone  
  21  3:05  Overlord x2  
  22  3:45  Drone x3  
  22  3:46  Drone  
  22  3:48  Lair  
  26  4:36  Roach  
  26  4:42  Roach x2  
  30  4:56  Roach  
  30  4:58  Brutalisk  
  30  5:12  Spire  
  30  5:18  Brutalisk  
  29  6:45  Mutalisk x2  
  33  7:09  Roach  
  44  7:10  Roach  
  35  8:56  Mutalisk x2  
  35  9:20  Roach  
  35  9:24  Leviathan x2  
  35  9:42  Brutalisk  
Tags
 
Commander
AbathurSwann
League
Platinum
Matchup
Co-op
Replay Pack
Co-op Speedrun
Add a new tag
Caveats
  • Supply blocks, unpowered buildings, or Contaminate may cause inaccurate times.
  • Supply counts are checked every 10 seconds.